 Dungeon Crawl Stone Soup version 0.31.0-32-g396128a36d (webtiles) character file.

Game seed: 266751523046636946

655 H0rd4k the Insei (level 7, 0/45 HPs)
             Began as an Octopode Artificer on Apr 5, 2024.
             Shot with an arrow by a centaur (10 damage)
             ... on level 6 of the Dungeon.
             The game lasted 00:04:08 (4227 turns).

H0rd4k the Insei (Octopode Artificer)               Turns: 4227, Time: 00:04:08

Health: 0/45       AC:  1    Str: 11    XL:     7   Next: 54%
Magic:  7/7        EV: 18    Int: 16    God:
Gold:   217        SH:  0    Dex: 12    Spells: 6/6 levels left

rFire   . .          .
                       - Unarmed
rCold   . . .        (no shield)
rNeg    . . .        (helmet restricted)
rPois   .            (no amulet)
rElec   .            o - +5 ring of evasion
rCorr   .            (no ring)
SInv    .            (no ring)
Will    .....        (no ring)
Stlth   +++          (no ring)
HPRegen 0.27/turn    (no ring)
MPRegen 0.10/turn    (no ring)
                     (no ring)

%: no passive effects
@: no status effects
A: almost no armour, amphibious, 8 rings, camouflage 1, gelatinous body 1,
(nimble swimmer 1), tentacles
a: no special abilities


You were on level 6 of the Dungeon.
You visited 1 branch of the dungeon, and saw 6 of its levels.

You collected 217 gold pieces.

Inventory:

Hand Weapons
 g - a +0 dagger of venom
 v - the +9 battleaxe "Cusi" {venom, rC++ MP-9 Str-5 Int+8}
   (You found it on level 4 of the Dungeon)

   Str-5:     It affects your strength (-5).
   Int+8:     It affects your intelligence (+8).
   rC++:      It greatly protects you from cold.
   MP-9:      It affects your magic capacity (-9).
Missiles
 x - 2 throwing nets
Jewellery
 b - a ring of see invisible
 o - a +5 ring of evasion (left tentacle)
 w - a +6 ring of dexterity
 z - an amulet of regeneration
Wands
 c - a wand of charming (11)
Scrolls
 f - 2 scrolls of blinking {unknown}
 h - 3 scrolls of enchant weapon {unknown}
 j - 2 scrolls of teleportation {unknown}
 m - 2 scrolls of brand weapon {unknown}
 p - a scroll of revelation {unknown}
 q - 3 scrolls of torment {unknown}
 t - a scroll of amnesia {unknown}
 u - 2 scrolls of enchant armour {unknown}
 y - 2 scrolls of poison {unknown}
Potions
 a - 2 potions of cancellation {unknown}
 e - 2 potions of curing {unknown}
 i - 2 potions of degeneration {unknown}
 k - 2 potions of haste {unknown}
 l - 2 potions of attraction {unknown}
 n - a potion of invisibility {unknown}
 r - a potion of magic {unknown}
 s - 2 potions of heal wounds {unknown}
 A - a potion of mutation {unknown}


   Skills:
 + Level 2.5 Fighting
 - Level 2.3 Dodging
 - Level 1.3 Stealth
 + Level 7.5 Unarmed Combat
 - Level 3.2 Evocations


You had 6 spell levels left.
You didn't know any spells.
Your spell library contained the following spells:

 Spells                   Type           Power      Damage    Failure   Level
 Dazzling Flash           Conj/Hex       0%         N/A       58%         3
 Mephitic Cloud           Conj/Alch/Air  0%         N/A       58%         3
 Volatile Blastmotes      Fire/Tloc      0%         2d10      58%         3
 Curse of Agony           Necr           0%         N/A       100%        5
 Silence                  Hex/Air        0%         N/A       100%        5
 Starburst                Conj/Fire      0%         6d3       100%        6
 Maxwell's Capacitive Co  Air            0%         ∞         100%        8


Dungeon Overview and Level Annotations

Branches:
Dungeon (6/15)
 Temple: D:4-7

Altars:
Cheibriados
Elyvilon
Qazlal
Xom
The Shining One

Annotations:
D:5 exclusion: downstairs


Innate Abilities, Weirdness & Mutations

You cannot wear most types of armour.
You are amphibious.
You can wear up to eight rings at the same time.
Your skin changes colour to match your surroundings (Stealth+).
Your rubbery body absorbs attacks. (AC +1, EV +1)
((You are camouflaged when in or above water. (Stealth+)))
You have tentacles for arms and can constrict up to eight enemies at once.


Message History

Guard this area!
A kobold brigand comes into view.
It is wielding a +0 whip and quivering poisoned darts.
The kobold brigand throws a poisoned dart.
The poisoned dart closely misses you.
There is a stone staircase leading up here.
Your jelly completely misses the black bear.
Your jelly misses the black bear. Your jelly misses the black bear.
You climb upwards.
There is a stone staircase leading down here.
Press: ? - help, v - describe, . - travel A stone staircase leading down.
Placed new exclusion.
Reduced exclusion size to a single square.
An ice beast is nearby!
Okay, then.
There is an open door here.
There is a stone staircase leading down here.
You climb downwards.
The iguana bites you!
There is a stone staircase leading up here.
You tentacle-slap the iguana. You grab the iguana. You squeeze the iguana.
The iguana is moderately wounded.
You constrict the iguana.
A centaur comes into view.
The iguana bites you!
* * * LOW HITPOINT WARNING * * *
You tentacle-slap the iguana but do no damage.
The iguana is moderately wounded.
You constrict the iguana.
The centaur wields a +0 orcbow.
The centaur shoots an arrow.
The arrow barely misses you. The iguana completely misses you.
You tentacle-slap the iguana but do no damage.
The iguana is heavily wounded.
You constrict the iguana, but do no damage.
The centaur shoots an arrow.
The arrow misses you. The iguana completely misses you.
The centaur shoots an arrow.
The arrow closely misses you.
You release your grip on the iguana.
The centaur shoots an arrow.
The arrow hits you!
You die...

..... . .... ..
#... #.. ... #
.. .. ..#
..##.###.##...#
#.c.....l....#
#@.....#
.###..#..#
...#......#
......#...###
#..........#
....#.....#.#
...#.8...8..#
...K........##
#..8..h<...8.#


You could see a centaur and an iguana.

Vanquished Creatures
  2 phantoms
  A scorpion (D:5)
  2 jellies (D:4)
  A hound (D:4)
  A bombardier beetle (D:5)
  2 iguanas (D:5)
  Natasha (thrice) (D:4)
  2 orc wizards
  A gnoll (D:1)
  2 adders
  A white imp (D:6)
  6 dart slugs
  9 orcs
  5 ball pythons
  6 bats
  4 endoplasms
  3 giant cockroaches
  13 goblins
  14 hobgoblins
  4 jackals (D:3)
  2 quokkas
  2 frilled lizards
  4 kobolds
  6 rats
96 creatures vanquished.

Notes
Turn   | Place    | Note
-------+----------+-------------------------------------------
     0 | D:1      | H0rd4k the Octopode Artificer began the quest for the Orb.
     0 | D:1      | Reached XP level 1. HP: 13/13 MP: 1/1
   134 | D:1      | Reached skill level 1 in Unarmed Combat
   147 | D:1      | Reached XP level 2. HP: 10/18 MP: 2/2
   311 | D:1      | Reached skill level 2 in Unarmed Combat
   388 | D:1      | Reached XP level 3. HP: 18/23 MP: 3/3
   739 | D:2      | Reached skill level 3 in Unarmed Combat
   815 | D:2      | Reached XP level 4. HP: 28/28 MP: 4/4
   825 | D:2      | Found a faded altar of an unknown god.
  1261 | D:2      | Found a snail-covered altar of Cheibriados.
  1539 | D:3      | Found a glowing golden altar of the Shining One.
  2186 | D:4      | Found a stormy altar of Qazlal.
  2212 | D:4      | Reached skill level 4 in Unarmed Combat
  2212 | D:4      | Reached XP level 5. HP: 25/34 MP: 5/5
  2253 | D:4      | Identified the +9 battleaxe "Cusi" {venom, rC++ MP-9 Str-5
                  | Int+8}
  2363 | D:4      | Noticed a phantom
  2368 | D:4      | Killed a phantom
  2369 | D:4      | Reached skill level 5 in Unarmed Combat
  2511 | D:4      | Noticed Natasha
  2516 | D:4      | Killed Natasha
  2517 | D:4      | Reached XP level 6. HP: 31/39 MP: 6/6
  2664 | D:4      | Found a white marble altar of Elyvilon.
  2793 | D:4      | Found a shimmering altar of Xom.
  2793 | D:4      | Found a shimmering altar of Xom.
  2794 | D:4      | Found a shimmering altar of Xom.
  2794 | D:4      | Found a shimmering altar of Xom.
  2952 | D:4      | Noticed Natasha
  2954 | D:4      | Killed Natasha
  2955 | D:4      | Reached skill level 6 in Unarmed Combat
  3106 | D:4      | Noticed Natasha
  3110 | D:4      | Killed Natasha
  3115 | D:5      | Entered Level 5 of the Dungeon
  3275 | D:5      | Reached XP level 7. HP: 20/45 MP: 7/7
  3547 | D:5      | Reached skill level 7 in Unarmed Combat
  4227 | D:6      | Shot with an arrow by a centaur

Illustrated notes

Levels and vault maps discovered:
D:1:      nicolae_arrival_washed_ashore, layout_rooms, grunt_decor_one_mirror
D:2:      layout_basic, basic_altar, dreamdust_ecumenical_altar_statues,
          minmay_misc_feat_encased
D:3:      kennysheep_the_goblin_king, layout_basic, lemuel_round_altar
D:4:      layout_loops_ring, kennysheep_little_box, xom_redecorated,
          nicolae_qazlal_scattered_showers, kennysheep_generic_room_10,
          uniq_natasha
D:5:      layout_gridville, minmay_misc_feat_more_columns
D:6:      layout_cave_pools, minmay_temple_entry_offerings,
          chequers_mini_garden, kennysheep_small_spiral, grunt_ministairs_2,
          minmay_fractal_squares_5

Skill      XL: |  1  2  3  4  5  6  7 |
---------------+----------------------+-----
Unarmed Combat | 1 2 3 4 5 6 7 |  7.5
Fighting       | 2 |  2.5
Dodging        | |  2.3
Stealth        | |  1.3
Evocations     | |  3.2

Action                     |  1- 3 |  4- 6 |  7- 9 || total
---------------------------+-------+-------+-------++-------
  Melee: Unarmed           |    69 |   112 |    43 ||   224
         Tentacles         |    18 |    18 |     9 ||    45
         Constrict         |    24 |    22 |     7 ||    53
         Punch             |     1 |     2 |     1 ||     4
  Evoke: Wand              |       |    16 |     8 ||    24
   Stab: Sleeping          |     8 |     7 |     1 ||    16
 Armour: Skin              |    19 |    41 |    14 ||    74
  Dodge: Dodged            |    50 |    75 |    34 ||   159
